 Dungeon Crawl Stone Soup version 0.30-a0-4-ga7cffc901d (webtiles) character file.

Game seed: 17482179233279144451

24516 Newt the Spear-Bearer (level 12, -2/88 HPs)
             Began as a Demonspawn Gladiator on Aug 20, 2022.
             Was a High Priest of Okawaru.
             Killed from afar by Azrael (15 damage)
             ... with a fireball
             ... on level 12 of the Dungeon.
             The game lasted 00:30:39 (13895 turns).

Newt the Spear-Bearer (Demonspawn Gladiator)       Turns: 13895, Time: 00:30:40

Health: -2/88      AC: 11    Str: 18    XL:     12   Next: 81%
Magic:  30/30      EV: 16    Int: 10    God:    Okawaru [*****.]
Gold:   958        SH: 14    Dex: 26    Spells: 11/11 levels left

rFire   + . .      SeeInvis .    O - +4 trident (vorpal)
rCold   + . .      Faith    .    f - +2 buckler
rNeg    . . .      Spirit   .    l - +0 troll leather armour
rPois   +          Reflect  .    c - +0 helmet
rElec   +          Harm     .    Z - +1 cloak {Will+}
rCorr   +          Rampage  .    s - +0 pair of gloves
Will    +....                    i - +1 pair of boots
Stlth   ++........               B - amulet of regeneration
HPRegen 1.84/turn                W - ring "Rotu" {rElec MP+9 Dex+2}
MPRegen 0.22/turn                Q - +6 ring of dexterity

@: resistant
A: large bone plates 1, foul stench 2, spiny 2, weakness stinger 2, agile 1,
high MP 2
a: Renounce Religion, Heroism, Finesse, Duel


You were on level 12 of the Dungeon.
You worshipped Okawaru.
Okawaru was extremely pleased with you.
You visited 2 branches of the dungeon, and saw 14 of its levels.

You collected 958 gold pieces.

Inventory:

Hand Weapons
 n - a +1 great mace of protection
 D - a +1 spear of venom
 I - a +2 spear of flaming
 O - a +4 vorpal trident (weapon)
Missiles
 e - a javelin
 u - 35 poisoned darts
 v - 5 datura-tipped darts
 z - 5 silver boomerangs
 H - 6 atropa-tipped darts
 K - 8 boomerangs (quivered)
Armour
 c - a +0 helmet (worn)
 f - a +2 buckler (worn)
 i - a +1 pair of boots (worn)
 l - a +0 troll leather armour (worn)
 q - a +0 cloak of preservation
 s - a +0 pair of gloves (worn)
 R - +0 steam dragon scales
 U - +0 acid dragon scales
 V - a +3 leather armour of cold resistance
 Z - a +1 cloak of willpower (worn)
Jewellery
 a - a +6 ring of strength
 b - a ring of resist corrosion
 k - a +4 ring of protection
 B - an amulet of regeneration (around neck)
 J - a ring of poison resistance
 N - an amulet of guardian spirit
 Q - a +6 ring of dexterity (right hand)
 W - the ring "Rotu" (left hand) {rElec MP+9 Dex+2}
   (You found it on level 10 of the Dungeon)

   [ring of magical power]

   Dex:       It affects your dexterity (+2).
   rElec:     It insulates you from electricity.
   MP:        It affects your magic capacity (+9).
 Y - a +6 ring of dexterity
Wands
 d - a wand of flame (8)
 A - a wand of iceblast (1)
 E - a wand of quicksilver (23)
 S - a wand of mindburst (5)
Scrolls
 o - 2 scrolls of teleportation
 r - a scroll of enchant armour
 y - 2 scrolls of enchant weapon
 P - 2 scrolls of magic mapping
 T - 2 scrolls of amnesia
Potions
 g - a potion of curing
 h - a potion of cancellation
 j - a potion of mutation
 m - 3 potions of might
 p - a potion of haste
 t - 3 potions of brilliance
 C - 2 potions of invisibility {unknown}
 F - 2 potions of lignification {unknown}
 L - a potion of berserk rage {unknown}
 M - a potion of heal wounds {unknown}
 X - a potion of magic {unknown}


   Skills:
 - Level 6.0 Fighting
 - Level 4.0 Short Blades
 - Level 12.0 Polearms
 + Level 7.4 Throwing
 - Level 4.0 Armour
 - Level 6.0 Dodging
 - Level 2.0 Stealth
 - Level 8.0 Shields
 - Level 8.0 Invocations
 - Level 6.0 Evocations


You had 11 spell levels left.
You didn't know any spells.
Your spell library contained the following spells:

 Spells                   Type           Power      Damage    Failure   Level
 Apportation              Tloc           0%         N/A       50%         1
 Gell's Gravitas          Tloc           0%         N/A       86%         3
 Lesser Beckoning         Tloc           0%         N/A       86%         3
 Teleport Other           Tloc           0%         N/A       86%         3
 Airstrike                Air            0%         2d(0-16)  99%         4
 Passage of Golubria      Tloc           0%         N/A       99%         4
 Alistair's Intoxication  Tmut/Pois      0%         N/A       100%        5
 Lightning Bolt           Conj/Air       0%         1d11      100%        5
 Yara's Violent Unravell  Hex/Tmut       0%         3d3       100%        5
 Tukima's Dance           Hex            Unusable   N/A       N/A         3
 Summon Lightning Spire   Summ/Air       Unusable   N/A       N/A         4

Dungeon Overview and Level Annotations

Branches:
Dungeon (13/15)            Temple (1/1) D:5            Lair (0/5) D:11
    Orc (0/2) D:10
 Vaults: D:13-14

Altars:
Ashenzari
Cheibriados
Dithmenos
Fedhas
Gozag
Hepliaklqana
Kikubaaqudgha
Makhleb
Nemelex Xobeh
Okawaru
Qazlal
Ru
Sif Muna
Trog
Uskayaw
Vehumet
Wu Jian
Xom
Yredelemnul

Shops:
D:1 (   D:10 :   D:11 (   D:12 (

Annotations:
D:5 Menkaure
D:12 Azrael


Innate Abilities, Weirdness & Mutations

You are partially covered in large bone plates. (SH +4)
You sometimes emit foul miasma when damaged in melee.
You are mostly covered in sharp spines.
You have a tail ending in a sharp stinger.
You are agile. (Dex +4, Str/Int -1)
You have a considerably increased reservoir of magic. (+20% MP)


Message History

Azrael is moderately wounded.
You are covered in liquid flames!
You are no longer on fire.
The hell hound breathes flames at you. The blast of flame hits you!
Unknown command.
You barely miss Azrael.
Azrael is moderately wounded.
The hell hound breathes flames at you. The blast of flame hits you!
Azrael gestures at you.
The fireball explodes!
The fireball engulfs you!!
* * * LOW HITPOINT WARNING * * *
The fireball engulfs Azrael.
Azrael completely resists.
The fireball engulfs the hell hound.
The hell hound completely resists.
Unknown command.
The hell hound attacks as you move away!
The hell hound closely misses you.
The hell hound is struck by your spines.
The hell hound bites you.
* * * LOW HITPOINT WARNING * * *
There is a stone staircase leading up, spattered with blood here.
Unknown command.
The hell hound closely misses you. Azrael gestures at you.
The sticky flame hits you.
You are covered in liquid flames!
* * * LOW HITPOINT WARNING * * *
You climb upwards.
You are covered in liquid flames!
* * * LOW HITPOINT WARNING * * *
There is a stone staircase leading down, spattered with blood here.
You feel protected.
You are covered in liquid flames!
* * * LOW HITPOINT WARNING * * *
The hell hound is struck by your spines.
The hell hound closely misses you. Azrael gestures at you.
The fireball explodes!
The fireball engulfs you! You resist.
You die...

.....# #..#..#..#.........#
.....# #..#..#..#.........#
....(# #..#..#..#.........#
.....###.##.##.##.........#
.....##(.#.†#..#..........#
.....##..#.†#..#..........#
.....##..#..#..#..........#
.........#.....#R.........#
.....###########@.........#
.....# #..# #†.h........# .....#
#..# #...........#######
.....####..####..!.............z.
............!....................
#################################


You could see Azrael and a hell hound.

Vanquished Creatures
  Gastronok (D:8)
  Fannar (D:12)
  5 hydras
  2 skeletal warriors
  A cyclops (D:12)
  2 manticores
  Joseph (D:9)
  2 gargoyles
  Maurice (D:12)
  A kobold demonologist (D:8)
  Psyche (D:10)
  2 komodo dragons (D:11)
  3 unseen horrors
  A troll (D:12)
  A meliai (D:10)
  6 slime creatures (D:12)
  23 yaks
  Sigmund (D:5)
  A wyvern (D:11)
  4 shadows
  3 wraiths
  A basilisk (D:11)
  3 fire elementals
  8 vampire mosquitoes (D:12)
  4 steam dragons
  3 wargs (D:8)
  An acid dragon (D:10)
  2 water moccasins (D:7)
  2 hell hounds (D:12)
  An ice beast (D:6)
  4 orc warriors
  A sky beast (D:7)
  A black bear (D:6)
  10 ogres
  7 centaurs
  3 kobold brigands (D:8)
  A phantom (D:4)
  5 bullfrogs
  A gnoll sergeant (D:8)
  A scorpion (D:6)
  5 wights
  20 killer bees
  8 howler monkeys (D:8)
  2 electric eels (D:12)
  3 gnoll boudas (D:8)
  9 hounds
  9 orc priests
  2 jellies
  Crazy Yiuf (D:4)
  An iguana (D:7)
  11 orc wizards
  9 gnolls
  9 adders
  A shadow imp (D:5)
  A white imp (D:5)
  An ufetubus (D:6)
  2 worms (D:4)
  19 orcs
  15 ball pythons
  12 endoplasms
  5 giant cockroaches (D:1)
  6 hobgoblins
  4 quokkas
  3 bats
  4 frilled lizards
  5 goblins
  11 kobolds
  8 rats
308 creatures vanquished.

Vanquished Creatures (others)
  2 fungi
  A plant (D:8)
  5 toadstools (D:9)
8 creatures vanquished.

Grand Total: 316 creatures vanquished

Notes
Turn   | Place    | Note
-------+----------+-------------------------------------------
     0 | D:1      | Newt the Demonspawn Gladiator began the quest for the Orb.
     0 | D:1      | Reached XP level 1. HP: 16/16 MP: 1/1
    48 | D:1      | Reached skill level 1 in Stealth
   306 | D:1      | Gained mutation: You are partially covered in sharp spines.
                  | [demonic ancestry]
   306 | D:1      | Reached XP level 2. HP: 19/22 MP: 2/2
   606 | D:1      | Found Coxka's Weapon Emporium.
   688 | D:1      | Gained mutation: You have a small tail. [demonic ancestry]
   688 | D:1      | Reached XP level 3. HP: 28/28 MP: 3/3
  1647 | D:2      | Gained mutation: You may rarely emit foul miasma when
                  | damaged in melee. [demonic ancestry]
  1647 | D:2      | Reached XP level 4. HP: 30/37 MP: 4/4
  1706 | D:2      | You fall into a shaft and drop 1 floor!
  2975 | D:3      | Found a faded altar of an unknown god.
  3147 | D:4      | Reached XP level 5. HP: 42/42 MP: 5/5
  3445 | D:4      | Noticed a phantom
  3463 | D:4      | Killed a phantom
  3464 | D:4      | Reached skill level 1 in Polearms
  3464 | D:4      | Reached XP level 6. HP: 43/48 MP: 6/6
  3615 | D:4      | Found a runed translucent door.
  3616 | D:4      | Noticed Crazy Yiuf
  3624 | D:4      | Killed Crazy Yiuf
  3907 | D:4      | Reached skill level 2 in Polearms
  4105 | D:5      | Entered Level 5 of the Dungeon
  4180 | D:5      | Reached skill level 3 in Polearms
  4385 | D:5      | Found a staircase to the Ecumenical Temple.
  4391 | D:5      | Gained mutation: You are mostly covered in sharp spines.
                  | [demonic ancestry]
  4391 | D:5      | Reached XP level 7. HP: 54/54 MP: 7/7
  4399 | Temple   | Entered the Ecumenical Temple
  4579 | Temple   | Became a worshipper of Warmaster Okawaru
  4620 | D:5      | Noticed Sigmund
  4625 | D:5      | Noticed Menkaure
  5295 | D:5      | Killed Sigmund
  5296 | D:5      | Reached skill level 4 in Polearms
  5541 | D:5      | Found a sacrificial altar of Ru.
  5620 | D:6      | Found a shadowy altar of Dithmenos.
  5659 | D:6      | Noticed a steam dragon
  5667 | D:6      | Reached skill level 5 in Polearms
  5681 | D:6      | Killed a steam dragon
  5721 | D:6      | Reached skill level 6 in Polearms
  5782 | D:6      | Reached skill level 1 in Armour
  5782 | D:6      | Reached XP level 8. HP: 60/60 MP: 8/8
  5820 | D:6      | Found an opulent altar of Gozag.
  5940 | D:6      | Reached * piety under Okawaru
  6049 | D:6      | Found a bloodstained altar of Trog.
  6228 | D:6      | Reached skill level 1 in Evocations
  6693 | D:7      | Found a blossoming altar of Fedhas.
  6706 | D:7      | Gained mutation: You have an increased reservoir of magic.
                  | (+10% MP) [potion of mutation]
  6706 | D:7      | Gained mutation: You have a considerably increased
                  | reservoir of magic. (+20% MP) [potion of mutation]
  6706 | D:7      | Gained mutation: You are agile. (Dex +4, Str/Int -1)
                  | [potion of mutation]
  6748 | D:7      | Reached skill level 5 in Evocations
  6864 | D:7      | Reached ** piety under Okawaru
  6865 | D:7      | Gained mutation: You have a tail ending in a sharp stinger.
                  | [demonic ancestry]
  6865 | D:7      | Reached XP level 9. HP: 63/65 MP: 10/10
  7123 | D:8      | Noticed Gastronok
  7263 | D:8      | Reached skill level 7 in Polearms
  7425 | D:8      | Reached *** piety under Okawaru
  7426 | D:8      | Reached skill level 8 in Polearms
  7453 | D:8      | Reached skill level 5 in Fighting
  7767 | D:8      | Reached skill level 5 in Dodging
  7774 | D:8      | Reached **** piety under Okawaru
  7793 | D:8      | Gained mutation: You sometimes emit foul miasma when
                  | damaged in melee. [demonic ancestry]
  7793 | D:8      | Reached XP level 10. HP: 66/76 MP: 12/12
  7925 | D:8      | Killed Gastronok
  8018 | D:8      | Reached ***** piety under Okawaru
  8212 | D:8      | Received a gift from Okawaru
  8252 | D:8      | Noticed a soul eater
  8252 | D:8      | Noticed an orange demon
  8412 | D:9      | Reached skill level 9 in Polearms
  8565 | D:9      | Noticed Joseph
  8582 | D:9      | Killed Joseph
  8694 | D:9      | Identified the +2 short sword "Keff" {pain, Int+3}
  8729 | D:9      | Gained mutation: You are partially covered in large bone
                  | plates. (SH +4) [demonic ancestry]
  8729 | D:9      | Reached XP level 11. HP: 81/81 MP: 20/20
  8755 | D:9      | Reached skill level 10 in Polearms
  9082 | D:10     | Entered Level 10 of the Dungeon
  9082 | D:10     | Found Muotsasy's Book Boutique.
  9107 | D:10     | Found a staircase to the Orcish Mines.
  9357 | D:10     | Noticed a five-headed hydra
  9423 | D:10     | Killed a five-headed hydra
  9424 | D:10     | Reached skill level 5 in Throwing
  9453 | D:10     | Identified the ring "Rotu" {rElec MP+9 Dex+2}
  9535 | D:10     | Noticed Psyche
  9550 | D:10     | Killed Psyche
  9592 | D:10     | Found a shimmering blue altar of Sif Muna.
  9896 | D:10     | Found a hazy altar of Hepliaklqana.
 10067 | D:11     | Noticed a five-headed hydra
 10080 | D:11     | Killed a five-headed hydra
 10080 | D:11     | Received a gift from Okawaru
 10209 | D:11     | Found Wisiss's Weapon Boutique.
 10701 | D:11     | Noticed a six-headed hydra
 10797 | D:11     | Killed a six-headed hydra
 10798 | D:11     | Reached skill level 11 in Polearms
 11282 | D:11     | Found a staircase to the Lair.
 11906 | D:12     | Found Ganous Jyihu's Weapon Shop.
 11908 | D:12     | Noticed a seven-headed hydra
 11918 | D:12     | Killed a seven-headed hydra
 11919 | D:12     | Reached skill level 12 in Polearms
 11919 | D:12     | Reached skill level 1 in Shields
 11919 | D:12     | Reached XP level 12. HP: 62/88 MP: 21/21
 12237 | D:12     | Noticed an eight-headed hydra
 12259 | D:12     | Killed an eight-headed hydra
 12392 | D:12     | Noticed Fannar
 12442 | D:12     | Killed Fannar
 12443 | D:12     | Reached skill level 5 in Shields
 12832 | D:12     | Received a gift from Okawaru
 12844 | D:12     | Noticed Maurice
 12857 | D:12     | Killed Maurice
 13813 | D:13     | Noticed Azrael
 13895 | D:12     | Killed from afar by Azrael

Illustrated notes

Levels and vault maps discovered:
D:1:      dpeg_arrival_connections, layout_basic, serial_shops, shop,
          serial_bayou_pond_b, hex_large
D:2:      layout_basic
D:3:      layout_loops_corners, nicolae_ecumenical_snake_handling
D:4:      layout_basic, minmay_stone_trees_medium, minivault_11,
          grunt_ministairs_11, chequers_serial_rivers_large_a,
          uniq_crazy_yiuf_cottage
D:5:      layout_basic, nicolae_ru_path_of_blood, minmay_temple_entry_glass,
          uniq_menkaure, uniq_sigmund
D:6:      minmay_klotski, layout_basic, grunt_dithmenos_smoke,
          nicolae_gozag_seed_capital, bloody_trog
D:7:      layout_loops_ring, mainiacjoe_overflow_brackets
D:8:      lemuel_castle_with_subvaults [lemuel_castle_interior_carwin_1],
          layout_rooms, kennysheep_generic_room_11, uniq_gastronok
D:9:      layout_roguey, minmay_gold_behind_fungi, uniq_joseph
D:10:     layout_cave_pods, worldfamousw_hep_ancestral_shrine,
          mainiacjoe_overflow_paths, orc_0_dummy, serial_shops,
          nicolae_stop_n_shop_1, minmay_mirror_moons_of_madness, uniq_psyche
D:11:     layout_basic, erik_lair_dragon, serial_shops, kennysheep_little_box
D:12:     minmay_angry_zag, layout_long_grid, serial_shops,
          nicolae_shop_bloodbath_and_beyond, solitary_fountain,
          kennysheep_flooded_box, uniq_fannar, uniq_maurice
D:13:     layout_loops_cross, david_vaults_4, uniq_azrael
Temple:   bh_familiar_temple

Skill      XL: |  1  2  3  4  5  6  7  8  9 10 11 12 |
---------------+-------------------------------------+-----
Stealth        | 1 2 |  2.0
Fighting       | 4 6 |  6.0
Short Blades   | 3 4 |  4.0
Dodging        | 4 5 6 |  6.0
Polearms       | 1 3 6 8 9 12 | 12.0
Armour         | 1 4 |  4.0
Evocations     | 5 6 |  6.0
Invocations    | 8 |  8.0
Throwing       | 6 7 |  7.4
Shields        | 1 8 |  8.0

Action                   |  1- 3 |  4- 6 |  7- 9 | 10-12 || total
-------------------------+-------+-------+-------+-------++-------
Melee: Rapier            |    73 |    49 |       |       ||   122
       Punch             |     2 |     1 |     5 |     6 ||    14
       Tailslap          |     3 |    16 |    41 |   158 ||   218
       Spear             |       |    52 |   281 |   480 ||   813
       Trident           |       |       |       |   328 ||   328
 Fire: Sling             |    21 |    24 |       |       ||    45
Throw: Stone             |       |     1 |       |       ||     1
       Javelin           |       |       |     1 |       ||     1
       Dart              |       |       |     3 |     4 ||     7
       Throwing net      |       |       |     2 |     2 ||     4
       Boomerang         |       |       |       |    12 ||    12
Evoke: Wand              |       |       |       |     6 ||     6
  Use: Scroll            |     6 |     6 |     6 |     5 ||    23
       Potion            |       |       |     1 |    10 ||    11
 Stab: Sleeping          |     5 |     3 |     6 |     4 ||    18
       Held in net/web   |       |       |     2 |       ||     2
       Invisible         |       |       |       |     2 ||     2
Armor: Leather armour    |    29 |    27 |    78 |    40 ||   174
       Steam dragon scal |       |       |       |    57 ||    57
       Troll leather arm |       |       |       |    26 ||    26
Dodge: Dodged            |    39 |    56 |   115 |   331 ||   541
Block: Other             |       |       |       |    23 ||    23
       Buckler           |       |       |       |   153 ||   153

Table legend: (Time is in decaauts)
 A = Elapsed time spent in this place.
 B = Non-inter-level travel time spent in this place.
 C = Inter-level travel time spent in this place.
 D = Time resting spent in this place.
 E = Time spent auto-exploring this place.
 F = Levels seen in this place.
 G = Mean time per level.
                   A        B        C        D        E       F      G
               +--------+--------+--------+--------+--------+-----+--------+
         Total |  13593 |  12813 |    780 |   2464 |   7594 |  14 |  970.9 |
       Dungeon |  13394 |  12640 |    754 |   2464 |   7424 |  13 | 1030.3 |
        Temple |    198 |    173 |     25 |      0 |    170 |   1 |  198.0 |
               +--------+--------+--------+--------+--------+-----+--------+

Top non-repeatable levels by time:
    D:11: 1690 daAuts
     D:4: 1585 daAuts
    D:12: 1528 daAuts
     D:1: 1268 daAuts
     D:8: 1132 daAuts
     D:2: 984 daAuts
    D:10: 909 daAuts
     D:3: 904 daAuts
     D:6: 785 daAuts
     D:7: 749 daAuts
     D:5: 705 daAuts
     D:9: 657 daAuts
    D:13: 490 daAuts
  Temple: 198 daAuts
